 Dungeon Crawl Stone Soup version 0.28-a0-1382-g92835e5c71 (webtiles) character file.

Game seed: 16083332722481592869

10124 fragbeetle the Basher (level 11, -1/109 HPs)
             Began as a Troll Berserker on Jan 1, 2022.
             Was a High Priest of Trog.
             Shot with an arrow by a centaur warrior (26 damage)
             ... on level 11 of the Dungeon on Jan 2, 2022.
             The game lasted 00:47:15 (9570 turns).

fragbeetle the Basher (Troll Berserker)             Turns: 9570, Time: 00:47:16

Health: -1/109     AC: 10    Str: 33    XL:     11   Next: 32%
Magic:  10/10      EV: 11    Int:  5    God:    Trog [*****.]
Gold:   623        SH:  0    Dex: 11    Spells: 10/10 levels left

rFire   . . .      SeeInvis .   Q - +6 quarterstaff (spect)
rCold   . . .      Faith    .   (shield currently unavailable)
rNeg    . . .      Spirit   .   O - +0 swamp dragon scales
rPois   +          Reflect  .   (helmet restricted)
rElec   .          Harm     .   g - +0 cloak
rCorr   .          Rampage  .   (gloves unavailable)
Will    .....                   (boots unavailable)
Stlth   +.........              (no amulet)
HPRegen 1.08/turn               w - ring of flight
MPRegen 0.12/turn               l - +6 ring of strength

@: flying
A: large, unfitting armour, claws 3, regeneration 1, shaggy fur 1, tough skin 1
a: Renounce Religion, Berserk, Trog's Hand, Brothers in Arms


You were on level 11 of the Dungeon.
You worshipped Trog.
Trog was extremely pleased with you.
You visited 2 branches of the dungeon, and saw 12 of its levels.
You also visited: Sewer and Bailey.

You collected 623 gold pieces.

Inventory:

Hand Weapons
 y - a +2 whip of flaming
 J - a +2 whip of venom
 Q - a +6 spectral quarterstaff (weapon)
 R - a +1 battleaxe of flaming
 V - a +5 dire flail
 W - a +0 mace of distortion
Missiles
 c - 300 stones
 e - 4 throwing nets
 k - 5 datura-tipped darts
 v - 5 javelins
 C - 18 poisoned darts (quivered)
 L - a boomerang
Armour
 g - a +0 cloak (worn)
 E - a +0 troll leather armour {Pargi}
 O - +0 swamp dragon scales (worn)
Jewellery
 l - a +6 ring of strength (right claw)
 w - a ring of flight (left claw)
 K - a ring of protection from cold
 P - a ring of protection from fire
Wands
 b - a wand of digging (5)
 x - a wand of polymorph (8)
 B - a wand of iceblast (6)
 H - a wand of flame (10)
 I - a wand of charming (6)
Scrolls
 a - a scroll of magic mapping {unknown}
 h - a scroll of fog
 j - 5 scrolls of teleportation
 m - a scroll of immolation {unknown}
 n - 2 scrolls of fear {unknown}
 o - 2 scrolls of enchant weapon {unknown}
 r - a scroll of amnesia {unknown}
 s - 2 scrolls of blinking
 A - 2 scrolls of enchant armour {unknown}
 D - a scroll of brand weapon {unknown}
 N - a scroll of holy word {unknown}
Potions
 d - 6 potions of curing
 f - 2 potions of heal wounds
 i - 2 potions of mutation
 p - 3 potions of haste
 q - a potion of brilliance {unknown}
 t - 2 potions of berserk rage
 u - 2 potions of magic
 z - 5 potions of flight
 F - 2 potions of cancellation {unknown}
 G - a potion of might {unknown}
 M - 3 potions of invisibility
 S - a potion of attraction {unknown}
 T - a potion of resistance {unknown}
Miscellaneous
 U - a piece from Xom's chessboard (15/15)


   Skills:
 + Level 7.1 Fighting
 + Level 10.4(10.5) Maces & Flails
 + Level 2.2(6.4) Staves
 + Level 5.6 Throwing
 + Level 2.2 Armour
 - Level 6.6 Dodging
 + Level 3.8 Evocations


You had 10 spell levels left.
You didn't know any spells.
Your spell library contained the following spells:

 Spells                   Type           Power      Damage    Failure   Level
 Tukima's Dance           Hex            0%         N/A       91%         3
 Passage of Golubria      Tloc           0%         N/A       100%        4
 Yara's Violent Unravell  Hex/Tmut       0%         3d3       100%        5


Dungeon Overview and Level Annotations

Branches:
Dungeon (11/15)            Temple (1/1) D:7             Orc (0/2) D:11
  Sewer (visited)          Bailey (visited)
   Lair: D:8-11

Altars:
Ru

Annotations:
D:9 runed door, fireclouds, 12572944's ghost, novice DjFE


Innate Abilities, Weirdness & Mutations

You are too large for most types of armour.
You have claws for hands.
Your natural rate of healing is unusually fast.
You are covered in fur. (AC +1)
You have tough skin. (AC +1)


Message History

The centaur shoots an arrow.
The arrow hits you!
The centaur shoots an arrow.
The arrow hits you.
The centaur warrior shoots an arrow.
The arrow hits you!!
As you read the scroll of fog, it crumbles to dust.
The scroll dissolves into smoke.
The centaur shoots an arrow.
The arrow misses you.
The centaur warrior shoots an arrow.
The arrow hits you!
An orc comes into view. It is wielding a +0 short sword.
The orc shouts!
The centaur wields a +0 shortbow.
The centaur shoots an arrow.
The arrow hits you.
The orc throws a boomerang.
The boomerang closely misses you.
The centaur shoots an arrow.
The arrow hits you.
The centaur shoots an arrow.
The arrow misses you.
The centaur warrior shoots an arrow.
The arrow hits you!
The centaur shoots an arrow.
The arrow barely misses you.
The centaur shoots an arrow.
The arrow misses you.
The centaur shoots an arrow.
The arrow completely misses you.
The centaur shoots an arrow.
The arrow closely misses you.
The centaur warrior shoots an arrow.
The arrow hits you!
As you read the scroll of fog, it crumbles to dust.
The scroll dissolves into smoke.
The centaur shoots an arrow.
The arrow hits you!
The centaur shoots an arrow.
The arrow hits you.
Things that are here:
a +0 halberd; a gnoll corpse The centaur warrior shoots an arrow.
The arrow barely misses you.
The centaur shoots an arrow.
The arrow hits you.
* * * LOW HITPOINT WARNING * * *
As you read the scroll of fog, it crumbles to dust.
The scroll dissolves into smoke.
The centaur shoots an arrow.
The arrow hits you!
* * * LOW HITPOINT WARNING * * *
The centaur shoots an arrow.
The arrow hits you.
* * * LOW HITPOINT WARNING * * *
The centaur shoots an arrow.
The arrow completely misses you.
The centaur warrior shoots an arrow.
The arrow barely misses you.
The centaur shoots an arrow.
The arrow closely misses you.
The centaur shoots an arrow.
The arrow hits you.
* * * LOW HITPOINT WARNING * * *
The centaur warrior shoots an arrow.
The arrow hits you!!
You die...

.......###### ....####
#### .#### ##..# ##
##..## ## ##...# )##
##...## ..## #...###
#..## ##.....# #§..##
##.@<...## .§§§§##
##........# .§§§oc##
##§.#......# .§§§#cc##
##c§#.......#
c§c§c#.)###§c##.......##
.§...##..#§§###........#
.....##.§§§§# #.......##
.....###§§.## #.......#
....## ##§## #.......#


You could see a centaur warrior and a centaur.

Vanquished Creatures
  Harold (D:9)
  A two-headed ogre (Bailey)
  Pikel (D:4)
  Maggie (D:9)
  A hornet (D:9)
  6 spriggans (Bailey)
  2 wraiths
  4 vampire mosquitoes (D:11)
  A steam dragon (Bailey)
  A warg (D:11)
  2 acid dragons (D:10)
  2 water moccasins
  Pargi (Sewer)
  A black bear (D:6)
  2 sky beasts
  An ice beast (D:7)
  5 orc warriors
  3 necrophages
  4 centaurs
  7 ogres
  3 lemures (D:4)
  2 phantoms
  3 kobold brigands
  A bullfrog (D:8)
  A gnoll sergeant (D:8)
  2 scorpions
  4 killer bees (D:8)
  3 wights
  7 howler monkeys
  3 electric eels (D:10)
  6 centaur zombies
  A bullfrog zombie (D:7)
  A jelly (D:5)
  A centaur skeleton (D:6)
  2 hounds
  A gnoll shaman (D:9)
  7 orc priests
  A bullfrog skeleton (D:4)
  3 iguanas
  12 orc wizards
  A howler monkey zombie (D:6)
  10 gnolls
  9 adders
  2 river rats (D:6)
  A shadow imp (D:7)
  A white imp (D:5)
  2 worms (D:3)
  30 orcs
  4 endoplasms
  4 giant cockroaches
  6 goblins
  5 hobgoblins
  2 jackals (D:3)
  7 quokkas
  13 ball pythons
  10 bats
  2 frilled lizards
  A jackal skeleton (D:4)
  15 kobolds
  5 rats
241 creatures vanquished.

Vanquished Creatures (collateral kills)
  A centaur (D:9)
1 creature vanquished.

Vanquished Creatures (others)
  2 orc priests (D:9)
  An orc (D:9)
  2 fungi (D:5)
  4 plants (D:9)
9 creatures vanquished.

Grand Total: 251 creatures vanquished

Notes
Turn   | Place    | Note
-------+----------+-------------------------------------------
     0 | D:1      | fragbeetle the Troll Berserker began the quest for the Orb.
     0 | D:1      | Reached XP level 1. HP: 22/22 MP: 0/0
   361 | D:1      | Reached skill level 3 in Maces & Flails
   361 | D:1      | Reached XP level 2. HP: 29/29 MP: 1/1
   581 | D:1      | Found a faded altar of an unknown god.
   797 | D:2      | Identified the +5 plate armour "Piukkeov" {*Slow Fly rF+
                  | SInv}
   884 | D:2      | Reached XP level 3. HP: 36/36 MP: 2/2
  1453 | D:2      | Reached ** piety under Trog
  1604 | D:3      | Reached XP level 4. HP: 44/44 MP: 3/3
  1823 | D:3      | Reached skill level 4 in Maces & Flails
  2290 | D:4      | Reached XP level 5. HP: 49/50 MP: 4/4
  2353 | D:4      | Noticed Pikel
  2353 | D:4      | Noticed a lemure
  2353 | D:4      | Noticed a lemure
  2354 | D:4      | Noticed a lemure
  2354 | D:4      | Noticed a lemure
  2570 | D:5      | Entered Level 5 of the Dungeon
  2585 | D:5      | Reached XP level 6. HP: 61/61 MP: 5/5
  2945 | D:4      | Killed Pikel
  2946 | D:4      | Reached skill level 6 in Maces & Flails
  2946 | D:4      | Reached XP level 7. HP: 70/70 MP: 6/6
  3157 | D:5      | Noticed a yak
  3168 | D:5      | Noticed a yak
  3169 | D:5      | Noticed a yak
  3170 | D:5      | Noticed a yak
  3170 | D:5      | Noticed a yak
  3170 | D:5      | Noticed a yak
  3275 | D:5      | Reached XP level 8. HP: 76/79 MP: 7/7
  3405 | D:5      | Reached skill level 7 in Maces & Flails
  3478 | D:5      | Reached skill level 1 in Throwing
  3800 | D:6      | Reached skill level 5 in Fighting
  3800 | D:6      | Reached skill level 5 in Dodging
  3807 | D:6      | Reached *** piety under Trog
  3891 | D:6      | Found a glowing drain.
  3919 | Sewer    | Entered a sewer
  3941 | Sewer    | Noticed Pargi
  3950 | Sewer    | Killed Pargi
  4536 | D:7      | Found a staircase to the Ecumenical Temple.
  4540 | Temple   | Entered the Ecumenical Temple
  4724 | D:7      | Reached XP level 9. HP: 88/88 MP: 8/8
  4725 | D:7      | Identified the +1 ring mail of Hangman {Fly}
  4835 | D:7      | Reached skill level 8 in Maces & Flails
  5636 | D:8      | Found a sacrificial altar of Ru.
  5923 | D:8      | Reached skill level 1 in Evocations
  6481 | D:9      | Noticed Harold
  6547 | D:9      | Found a runed translucent door.
  6547 | D:9      | Noticed 12572944's ghost (novice DjFE)
  6547 | D:9      | Identified the +6 spear of Youthful Indiscretion {freeze,
                  | Str+4}
  6563 | D:9      | Noticed Maggie
  6587 | D:9      | Killed Maggie
  6588 | D:9      | Reached skill level 9 in Maces & Flails
  6657 | D:9      | Reached **** piety under Trog
  6658 | D:9      | Reached XP level 10. HP: 72/98 MP: 9/9
  6776 | D:9      | Found a flagged portal.
  6831 | Bailey   | Entered a bailey
  6981 | Bailey   | Noticed a two-headed ogre
  7000 | Bailey   | Killed a two-headed ogre
  7160 | Bailey   | Reached skill level 10 in Maces & Flails
  7718 | D:9      | Killed Harold
  7719 | D:9      | Reached skill level 1 in Staves
  7719 | D:9      | Reached skill level 5 in Throwing
  7719 | D:9      | Reached skill level 1 in Armour
  7876 | D:10     | Entered Level 10 of the Dungeon
  8187 | D:10     | Reached XP level 11. HP: 92/107 MP: 10/10
  9338 | D:11     | Found a staircase to the Orcish Mines.
  9380 | D:11     | Reached ***** piety under Trog
  9544 | D:11     | Noticed a centaur warrior
  9570 | D:11     | Shot with an arrow by a centaur warrior

Illustrated notes

Levels and vault maps discovered:
D:1:      grunt_arrival_lava_bath, layout_loops_ring,
          hellmonk_ecumenical_altar_arch_garden
D:2:      layout_loops_ring, minmay_misc_feat_roman,
          minmay_misc_feat_four_crosses, minmay_heptomino_d4
D:3:      layout_rooms, minmay_fractal_squares_5
D:4:      layout_basic, kennysheep_another_room, uniq_pikel
D:5:      kennysheep_steamy, layout_cave_pools
D:6:      layout_cave_pods, portal_sewer_entry_c, bh_walls_and_bars
D:7:      mumra_celtic_spiral_tile, layout_cave_pools,
          minmay_temple_entry_glassed_door
D:8:      layout_basic, mainiacjoe_overflow_cross_hatched
D:9:      layout_loops_cross, enter_bailey_4, ebering_ghost_funeral_grove,
          lemuel_flame_loot_1, uniq_harold, uniq_maggie
D:10:     layout_basic, hellmonk_bongcloud_opening
D:11:     layout_cave_pods, lair_entry_dummy, erik_orc_4, serial_shops, shop,
          uniq_psyche
Temple:   mainiacjoe_temple_starburst

Skill      XL: |  1  2  3  4  5  6  7  8  9 10 11 |
---------------+----------------------------------+-----
Maces & Flails | 3 4 6 7 9 10 | 10.4
Dodging        | 3 4 5 6 |  6.6
Fighting       | 3 4 5 6 7 |  7.1
Throwing       | 2 3 5 |  5.6
Evocations     | 2 3 |  3.8
Staves         | 1 2 |  2.2
Armour         | 1 2 |  2.2

Action                   |  1- 3 |  4- 6 |  7- 9 | 10-12 || total
-------------------------+-------+-------+-------+-------++-------
Melee: Mace              |   134 |    58 |       |       ||   192
       Flail             |       |    77 |       |       ||    77
       Whip              |       |       |   418 |   113 ||   531
       Quarterstaff      |       |       |       |   121 ||   121
Throw: Dart              |       |     1 |     1 |    31 ||    33
       Stone             |       |     1 |       |       ||     1
       Boomerang         |       |       |       |     3 ||     3
       Javelin           |       |       |       |     2 ||     2
Invok: Berserk           |     3 |     6 |     8 |     5 ||    22
Evoke: Wand              |       |       |       |     6 ||     6
  Use: Scroll            |       |     1 |     8 |     5 ||    14
       Potion            |       |       |       |     1 ||     1
 Stab: Sleeping          |       |     1 |       |       ||     1
       Distracted        |       |       |       |     1 ||     1
Armor: Animal skin       |    57 |    47 |    45 |       ||   149
       Troll leather arm |       |       |    74 |       ||    74
       Swamp dragon scal |       |       |    11 |    68 ||    79
Dodge: Dodged            |    84 |    68 |   175 |   115 ||   442

Table legend: (Time is in decaauts)
 A = Elapsed time spent in this place.
 B = Non-inter-level travel time spent in this place.
 C = Inter-level travel time spent in this place.
 D = Time resting spent in this place.
 E = Time spent auto-exploring this place.
 F = Levels seen in this place.
 G = Mean time per level.
                   A        B        C        D        E       F      G
               +--------+--------+--------+--------+--------+-----+--------+
         Total |   9687 |   9400 |    287 |    703 |   2497 |  14 |  691.9 |
       Dungeon |   9128 |   8841 |    287 |    642 |   2497 |  11 |  829.8 |
        Temple |     27 |     27 |      0 |      0 |      0 |   1 |   27.0 |
         Sewer |    109 |    109 |      0 |      0 |      0 |   1 |  109.0 |
        Bailey |    421 |    421 |      0 |     61 |      0 |   1 |  421.0 |
               +--------+--------+--------+--------+--------+-----+--------+

Top non-repeatable levels by time:
     D:4: 1193 daAuts
    D:10: 1087 daAuts
     D:7: 1005 daAuts
     D:9: 952 daAuts
     D:8: 943 daAuts
     D:2: 855 daAuts
     D:6: 823 daAuts
     D:1: 665 daAuts
     D:3: 602 daAuts
    D:11: 575 daAuts
     D:5: 423 daAuts
  Bailey: 421 daAuts
   Sewer: 109 daAuts
  Temple: 27 daAuts
